 Dungeon Crawl Stone Soup version 0.30-a0-341-g682706514a (webtiles) character file.

Game seed: 16270749028248823972

109 Elric the Trooper (level 4, 0/69 HPs)
             Began as an Ogre Warper on Nov 2, 2022.
             Engulfed by a steam dragon's steam (8 damage)
             ... on level 4 of the Dungeon.
             The game lasted 00:03:47 (2492 turns).

Elric the Trooper (Ogre Warper)                     Turns: 2492, Time: 00:03:47

Health: 0/69       AC:  3    Str: 15    XL:     4   Next: 89%
Magic:  8/8        EV: 10    Int: 16    God:
Gold:   199        SH:  0    Dex:  8    Spells: 6/9 levels left

rFire   . . .      SeeInvis .    a - +0 mace
rCold   . . .      Faith    .    (no shield)
rNeg    . . .      Spirit   .    b - +0 robe
rPois   .          Reflect  .    (helmet restricted)
rElec   .          Harm     .    (no cloak)
rCorr   .          Rampage  .    (gloves unavailable)
Will    .....                    (boots unavailable)
Stlth   ..........               (no amulet)
HPRegen 0.31/turn                (no ring)
MPRegen 0.11/turn                (no ring)

@: berserking, very quick
A: large, unfitting armour, tough skin 1
a: no special abilities


You were on level 4 of the Dungeon.
You visited 1 branch of the dungeon, and saw 4 of its levels.

You collected 199 gold pieces.

Inventory:

Hand Weapons
 a - a +0 mace (weapon)
Missiles
 d - 4 boomerangs of dispersal (quivered)
 n - 9 stones
Armour
 b - a +0 robe (worn)
Jewellery
 i - a +6 ring of strength
Scrolls
 c - 2 scrolls of blinking
 f - a scroll of immolation {unknown}
 g - a scroll of summoning {unknown}
 h - a scroll of brand weapon {unknown}
 k - 2 scrolls of vulnerability {unknown}
 m - a scroll of teleportation {unknown}
 p - a scroll of poison {unknown}
 q - a scroll of enchant weapon {unknown}
Potions
 e - 2 potions of berserk rage
 j - a potion of ambrosia {unknown}
 l - a potion of heal wounds {unknown}
 o - a potion of degeneration {unknown}


   Skills:
 + Level 3.6 Fighting
 + Level 2.3 Maces & Flails
 + Level 2.0 Throwing
 + Level 2.7 Dodging
 + Level 3.1 Spellcasting
 + Level 3.1 Translocations


You had 6 spell levels left.
You knew the following spells:

 Your Spells              Type           Power      Damage    Failure   Level
a - Magic Dart            Conj           8%         1d3       19%         1
b - Call Imp              Summ           2%         N/A       28%         2

Your spell library contained the following spells:

 Spells                   Type           Power      Damage    Failure   Level
 Blink                    Tloc           24%        N/A       8%          2
 Lesser Beckoning         Tloc           24%        N/A       16%         3
 Teleport Other           Tloc           12%        N/A       16%         3
 Portal Projectile        Hex/Tloc       14%        N/A       28%         3
 Vhi's Electric Charge    Tloc/Air       14%        N/A       28%         3
 Manifold Assault         Tloc           12%        N/A       45%         4
 Mephitic Cloud           Conj/Pois/Air  2%         N/A       50%         3
 Tukima's Dance           Hex            2%         N/A       50%         3
 Blade Hands              Tmut           1%         N/A       99%         5


Dungeon Overview and Level Annotations

Branches:
Dungeon (4/15)
 Temple: D:4-7

Altars:
The Shining One


Innate Abilities, Weirdness & Mutations

You are too large for most types of armour.
You have tough skin. (AC +1)


Message History

You now have 192 gold pieces (gained 9).
You open the door.
There is an open door here.
You see here a ball python skeleton.
There is a stone staircase leading down here.
You now have 199 gold pieces (gained 7).
You see here 4 datura-tipped darts.
Done exploring.
Done exploring.
Done exploring.
(D) Dungeon
Where to? (Enter - D:3, ? - help)
What level of the Dungeon? (default 1, ? - help)
There is a stone staircase leading down here.
You climb downwards.
There is a stone staircase leading up here.
A steam dragon is nearby!
A steam dragon is nearby!
Found 12 gold pieces.
The steam dragon hisses angrily.
The steam dragon breathes steam at you. The ball of steam hits you!
You hit the steam dragon but do no damage.
You are engulfed in a cloud of scalding steam.
The steam dragon bites you.
* * * LOW HITPOINT WARNING * * *
The steam dragon claws you but does no damage.
You are too injured to fight recklessly!
It was a potion of berserk rage.
A red film seems to cover your vision as you go berserk!
You feel yourself moving faster!
You feel mighty!
You are engulfed in a cloud of scalding steam.
The steam dragon bites you.
* * * LOW HITPOINT WARNING * * *
The steam dragon claws you.
* * * LOW HITPOINT WARNING * * *
Unknown command.
You barely miss the steam dragon.
You are engulfed in a cloud of scalding steam.
You die...

###
$.#
#.#
#D#
#@#
#.#
##.#
#<ยง#
####


You could see a steam dragon.

Vanquished Creatures
  4 adders
  A worm (D:3)
  2 dart slugs (D:1)
  12 bats
  5 endoplasms
  2 giant cockroaches (D:1)
  3 hobgoblins
  4 jackals (D:3)
  7 ball pythons
  2 frilled lizards (D:3)
  6 goblins
  4 kobolds
  3 rats
55 creatures vanquished.

Vanquished Creatures (collateral kills)
  A ball python (D:2)
  2 endoplasms (D:2)
  A hobgoblin (D:2)
  A kobold (D:2)
  A quokka (D:2)
  A frilled lizard (D:2)
7 creatures vanquished.

Grand Total: 62 creatures vanquished

Notes
Turn   | Place    | Note
-------+----------+-------------------------------------------
     0 | D:1      | Elric the Ogre Warper began the quest for the Orb.
     0 | D:1      | Reached XP level 1. HP: 22/22 MP: 3/3
   301 | D:1      | Reached XP level 2. HP: 29/29 MP: 5/5
   813 | D:1      | Reached XP level 3. HP: 37/37 MP: 7/7
   857 | D:1      | Learned a level 1 spell: Magic Dart
   860 | D:1      | Learned a level 2 spell: Call Imp
  1258 | D:2      | Reached XP level 4. HP: 39/45 MP: 4/8
  2146 | D:3      | Found a glowing golden altar of the Shining One.
  2486 | D:4      | Noticed a steam dragon
  2492 | D:4      | Engulfed by a steam dragon's steam

Illustrated notes

Levels and vault maps discovered:
D:1:      psy_arrival_statuary, layout_loops_ring, minmay_misc_feat_cross
D:2:      cheibrodos_helix_gallery, layout_rooms
D:3:      layout_rooms, tso_metal_star
D:4:      layout_basic, slow_altar_1, uniq_eustachio, uniq_edmund

Skill      XL: |  1  2  3  4 |
---------------+-------------+-----
Maces & Flails | 2 |  2.3
Fighting       | 3 |  3.6
Spellcasting   | 3 |  3.1
Translocations | 3 |  3.1
Throwing       | 2 |  2.0
Dodging        | |  2.7

Action                   |  1- 3 |  4- 6 || total
-------------------------+-------+-------++-------
Melee: Mace              |    97 |    81 ||   178
Throw: Boomerang         |       |     3 ||     3
 Cast: Call Imp          |     6 |     2 ||     8
  Use: Potion            |       |     1 ||     1
 Stab: Sleeping          |     1 |       ||     1
Armor: Robe              |    50 |    38 ||    88
Dodge: Dodged            |    72 |    45 ||   117

Table legend: (Time is in decaauts)
 A = Elapsed time spent in this place.
 B = Non-inter-level travel time spent in this place.
 C = Inter-level travel time spent in this place.
 D = Time resting spent in this place.
 E = Time spent auto-exploring this place.
 F = Levels seen in this place.
 G = Mean time per level.
                   A        B        C        D        E       F      G
               +--------+--------+--------+--------+--------+-----+--------+
         Total |   2544 |   2385 |    159 |      0 |   1941 |   4 |  636.0 |
       Dungeon |   2544 |   2385 |    159 |      0 |   1941 |   4 |  636.0 |
               +--------+--------+--------+--------+--------+-----+--------+

Top non-repeatable levels by time:
     D:1: 906 daAuts
     D:3: 838 daAuts
     D:2: 793 daAuts
     D:4: 6 daAuts
